 Dungeon Crawl Stone Soup version 0.23.2-1-ga50397a6bc (webtiles) character file.

Game seed: 3749117132984592626

211373 OneEyedShark the Peltast (level 18, -8/166 HPs)
             Began as a Minotaur Fighter on May 28, 2019.
             Was the Champion of Trog.
             Killed by drain life
             ... invoked by a soul eater
             ... summoned by an orc high priest
              (21 damage)
             ... on level 2 of the Orcish Mines.
             The game lasted 02:00:57 (27887 turns).

OneEyedShark the Peltast (Minotaur Fighter)        Turns: 27887, Time: 02:00:58

Health: -8/166     AC: 27    Str: 22    XL:     18   Next: 21%
Magic:  6/7        EV: 16    Int:  5    God:    Trog [******]
Gold:   2823       SH: 15    Dex: 20    Spells: 17/17 levels left

rFire    . . .     SeeInvis .   Z - +2 eveningstar (antimagic)
rCold    + . .     Gourm    +   c - +0 shield
rNeg     . . .     Faith    .   j - +0 plate armour
rPois    .         Spirit   .   S - +2 hat {MR+}
rElec    .         Reflect  .   K - +2 cloak
rCorr    .         Harm     .   A - +0 pair of gloves
MR       ++...                  O - +1 pair of boots {Fly}
Stlth    ..........             Y - amulet of the gourmand
HPRegen  0.77/turn              n - +3 ring of dexterity
MPRegen  0.10/turn              (no ring)

@: lethally poisoned (-8 -> -9), about to teleport, flying
A: retaliatory headbutt, horns 2, cold resistance 1, regeneration 1, MP-powered
wands
}: 1/15 runes: decaying
a: Berserk, Trog's Hand, Brothers in Arms, Renounce Religion, Stop Flying


You were on level 2 of the Orcish Mines.
You worshipped Trog.
Trog was exalted by your worship.
You were completely stuffed.

You visited 5 branches of the dungeon, and saw 28 of its levels.
You visited the Abyss 1 time.
You also visited: Sewer.

You collected 3018 gold pieces.
You spent 195 gold pieces at shops.

Inventory:

Hand Weapons
 L - a +1 hunting sling of flaming
 U - the +4 morningstar "Humpur" {freeze, +Rage rElec rN+ Str+2}
   (Trog gifted it to you on level 4 of the Lair of Beasts)

   It has been specially enchanted to freeze those struck by it, causing extra
   injury to most foes and up to half again as much damage against particularly
   susceptible opponents.
   It can also slow down cold-blooded creatures.
   It affects your strength (+2).
   It insulates you from electricity.
   It protects you from negative energy.
   It lets you go berserk.
 X - the +10 flail of Generosity {drain, Str+3 Dex+2}
   (Trog gifted it to you on level 6 of the Lair of Beasts)

   A truly terrible weapon, it drains the life of those it strikes.
   It affects your strength (+3).
   It affects your dexterity (+2).
 Z - a +2 antimagic eveningstar (weapon)
Missiles
 o - 5 poisoned javelins (quivered)
Armour
 c - a +0 shield (worn)
 h - +0 swamp dragon scales
 j - a +0 plate armour (worn)
 A - a +0 pair of gloves (worn)
 K - a +2 cloak (worn)
 O - a +1 pair of boots of flying (worn)
 S - a +2 hat of magic resistance (worn)
Jewellery
 n - a +3 ring of dexterity (left hand)
 p - the amulet "Esijoh" {Inacc rF+ rC- rN++ SInv}
   (You found it on level 8 of the Dungeon)

   [amulet of inaccuracy]

   It reduces the accuracy of all your attacks.
   It protects you from fire.
   It makes you vulnerable to cold.
   It greatly protects you from negative energy.
   It lets you see invisible.
 Y - an amulet of the gourmand (around neck)
Wands
 e - a wand of polymorph (27)
 u - a wand of disintegration (27)
 y - a wand of acid (23)
 D - a wand of iceblast (31)
 Q - a wand of flame (20)
Scrolls
 a - 2 scrolls of summoning
 b - 3 scrolls of blinking
 g - 4 scrolls of brand weapon
 s - 7 scrolls of teleportation
 w - 3 scrolls of immolation
 x - 4 scrolls of fog
 B - a scroll of holy word
 E - 8 scrolls of remove curse
 F - 3 scrolls of enchant armour
 J - 3 scrolls of magic mapping
 M - a scroll of identify
 N - 4 scrolls of enchant weapon
 R - 3 scrolls of fear
 V - a scroll of torment
Potions
 d - 9 potions of might
 i - 4 potions of ambrosia
 k - 4 potions of invisibility
 l - 5 potions of flight
 m - 7 potions of heal wounds
 q - 3 potions of lignification
 r - a potion of agility
 t - 6 potions of curing
 z - 6 potions of brilliance
 C - 2 potions of haste
 G - 3 potions of resistance
 H - a potion of cancellation
 P - a potion of berserk rage
 T - 3 potions of magic
Miscellaneous
 v - a fan of gales
 I - a sack of spiders
Comestibles
 f - 44 rations
 W - 5 chunks of flesh


   Skills:
 + Level 15.6 Fighting
 + Level 15.5 Maces & Flails
 - Level 10.0 Throwing
 + Level 15.6 Armour
 + Level 13.2 Dodging
 + Level 16.6 Shields
 - Level 9.0 Evocations


You had 17 spell levels left.
You didn't know any spells.
Your spell library contained the following spells:

 Spells                   Type           Power        Failure   Level  Hunger
 Animate Skeleton         Necr           N/A          99%         1    ##.....
 Apportation              Tloc           #.....       99%         1    ##.....
 Beastly Appendage        Tmut           #.....       99%         1    ##.....
 Confusing Touch          Hex            #.....       99%         1    ##.....
 Flame Tongue             Conj/Fire      #....        99%         1    ##.....
 Summon Small Mammal      Summ           #...         99%         1    ##.....
 Sticks to Snakes         Tmut           #.......     100%        2    ###....
 Throw Flame              Conj/Fire      #.....       100%        2    ###....
 Conjure Flame            Conj/Fire      #.......     100%        3    ####...
 Inner Flame              Hex/Fire       #.......     100%        3    ####...
 Spider Form              Tmut/Pois      #.........   100%        3    ####...
 Ice Form                 Ice/Tmut       #.......     100%        4    #####..
 Sticky Flame             Conj/Fire      #.......     100%        4    #####..
 Blade Hands              Tmut           #.........   100%        5    ######.
 Fireball                 Conj/Fire      #.........   100%        5    ######.


Dungeon Overview and Level Annotations

Branches:
Dungeon (15/15) Temple (1/1) D:6 Lair (6/6) D:11 Swamp (4/4) Lair:3 Spider (0/4) Lair:4 Orc (2/2) D:11 Vaults (0/5) D:13 D:14 Depths (0/5) D:15 Slime: Lair:5-6 Elf: Orc:2

Altars:
Ashenzari
Cheibriados
Dithmenos
Elyvilon
Fedhas
Gozag
Hepliaklqana
Kikubaaqudgha
Makhleb
Nemelex Xobeh
Okawaru
Qazlal
Ru
Sif Muna
Trog
Uskayaw
Vehumet
Wu Jian
Xom
Yredelemnul
Zin
The Shining One

Shops:
D:4 (   D:5 }   D:6 *%%   D:8 [   D:11 (   D:14 (   Orc:1 }   Orc:2 %?

Annotations:
Lair:4 exclusion: 3 oklob plants


Innate Abilities, Weirdness & Mutations

You reflexively headbutt those who attack you in melee.
You have a pair of horns on your head.
Your flesh is cold resistant. (rC+)
Your natural rate of healing is unusually fast.
You expend magic power (3 MP) to strengthen your wands.


Message History

You block the sixfirhy's attack. The sixfirhy hits you!
* * * LOW HITPOINT WARNING * * *
The sixfirhy shocks you!
* * * LOW HITPOINT WARNING * * *
You block the gelid demonspawn's attack. x2
You block the hellwing's attack.
The hellwing hits you but does no damage.
The sixfirhy hits you!
* * * LOW HITPOINT WARNING * * *
The sixfirhy shocks you!
* * * LOW HITPOINT WARNING * * *
The sun demon hits you but does no damage.
The orange demon closely misses you. The orc high priest closely misses you.
Okay, then.
Okay, then.
As you read the scroll of teleportation, it crumbles to dust.
You feel strangely unstable.
You feel sick. You block the sixfirhy's attack.
You block the hellwing's attack. x2
The soul eater draws from the surrounding life force!
You die...

..........#........###(.)###..##
....#.##.###.#.#..###.#.#.###..##
.....##...#.....####.(.#..)###))#
.#....##.#...#..###..(###...###.)
#..#........######)..##.##...###)
.............# ##÷).##...##...)))
...(........####.[.##..# ##...#)
....##...#.# ##4#o##34# ##....
....#.....####.3@34o4# ##...
.........####..466#o## ##..
...........###..3444§# ##...
............###.#.##o4# ##....
.......#....# ##... #..# ##...#.
.......#....# ##... #...##......
.............# ##... #.##...###.
.............. #... ##...###..
.............. #...#...###..#


You could see a soul eater, 3 orc high priests, a sun demon, 2 demonspawn, an
orange demon, 3 hellwings, an ice devil, 2 rust devils, 2 sixfirhies, an orc
sorcerer and 2 red devils.

Vanquished Creatures
  Rupert (Lair:6)
  Gastronok (Lair:1)
  Agnes (D:15)
  Kirke (Lair:6)
  A thorn hunter (Swamp:4)
  Aizul (Swamp:4)
  A dire elephant (D:15)
  Snorg (D:11)
  Josephine (D:14)
  An ogre mage (D:14)
  Erolcha (D:10)
  An ice dragon (Lair:6)
  27 hydras
  2 shambling mangroves (Swamp:4)
  6 two-headed ogres
  2 catoblepae
  3 centaur warriors
  2 ghost crabs (Swamp:4)
  17 alligators
  14 death yaks
  2 tengu warriors
  2 orc high priests (Orc:2)
  A spriggan berserker (Swamp:3)
  Nergalle (D:9)
  A deep elf knight (Swamp:3)
  A sixfirhy (Abyss:2)
  13 spriggans
  4 unseen horrors
  5 skeletal warriors
  A spriggan druid (Swamp:3)
  A gelid demonspawn (Orc:2)
  A wizard (D:13)
  7 swamp dragons
  Pikel (D:8)
  2 lindwurms (Lair:6)
  5 orc knights
  5 orc sorcerers (Orc:2)
  2 wolf spiders
  A deep elf mage (D:14)
  A manticore (D:15)
  9 ugly things
  An oklob plant (Lair:4)
  13 elephants
  5 cyclopes
  A salamander (D:15)
  6 centaur zombies
  A rust devil (Orc:2)
  Maurice (Orc:2)
  A smoke demon (Orc:2)
  A guardian serpent (Lair:6)
  5 torpor snails (Lair:6)
  4 black mambas
  18 spiny frogs
  Joseph (D:10)
  4 centaur skeletons
  A gargoyle (D:14)
  An orange demon (Orc:2)
  A komodo dragon (shapeshifter) (D:15)
  4 rime drakes
  8 komodo dragons
  A redback zombie (D:14)
  A troll (shapeshifter) (D:14)
  13 tyrant leeches
  5 trolls
  A red devil (Orc:2)
  A tengu conjurer (D:12)
  A polar bear (Lair:2)
  3 meliai (D:12)
  A merfolk (D:9)
  8 bog bodies
  30 hornets
  41 slime creatures
  13 blink frogs
  A hippogriff (shapeshifter) (D:14)
  14 hippogriffs
  5 dream sheep (Lair:6)
  4 redbacks (Lair:6)
  2 shadows
  6 wraiths
  10 wyverns
  22 yaks
  A tarantella (shapeshifter) (D:15)
  A tarantella (Lair:4)
  16 humans
  Grum (D:8)
  4 hogs (Lair:6)
  A chaos spawn (Orc:2)
  3 hungry ghosts
  9 vampire mosquitoes
  2 basilisks
  16 swamp worms
  13 insubstantial wisps
  4 wargs
  A soldier ant (D:14)
  30 water moccasins
  5 porcupines
  11 swamp drakes
  32 orc warriors
  A meliai simulacrum (D:14)
  5 sky beasts
  6 black bears
  4 ice beasts
  A phantom (D:6)
  A slave (D:8)
  An eye of draining (D:9)
  14 ogres
  3 wolves (D:8)
  11 centaurs
  8 crocodiles
  The ghost of voshxz the Covered, an amateur GrFi (D:3)
  3 big kobolds
  17 bullfrogs
  2 scorpions
  9 killer bees
  14 wights
  3 electric eels
  5 howler monkeys
  12 crimson imps
  A quasit (D:3)
  A bullfrog zombie (D:6)
  4 hounds
  6 jellies
  2 gnoll shamans
  23 orc priests
  3 bullfrog skeletons
  3 iguanas
  Terence (D:2)
  11 orc wizards
  11 worker ants
  A hound zombie (D:7)
  11 gnolls
  12 adders
  A river rat (D:3)
  5 shadow imps
  2 white imps (D:7)
  14 oozes
  An ufetubus (Abyss:2)
  2 worms
  2 dart slugs (D:2)
  7 leopard geckos
  64 orcs
  18 ball pythons
  5 bats
  17 giant cockroaches
  3 goblins
  4 hobgoblins
  3 jackals (D:1)
  A quokka (D:8)
  15 frilled lizards
  A jackal skeleton (D:5)
  12 kobolds
  7 rats
  2 briar patches (Swamp:4)
  A bush (D:4)
  2 plants (Lair:4)
961 creatures vanquished.

Vanquished Creatures (others)
  An alligator (Swamp:3)
  2 humans (Lair:6)
  2 orcs (Orc:2)
  2 bushes (D:15)
  20 fungi
  30 plants
57 creatures vanquished.

Grand Total: 1018 creatures vanquished

Notes
Turn   | Place    | Note
-------+----------+-------------------------------------------
     0 | D:1      | OneEyedShark the Minotaur Fighter began the quest for the
                  | Orb.
     0 | D:1      | Reached XP level 1. HP: 19/19 MP: 0/0
   130 | D:1      | Reached XP level 2. HP: 24/27 MP: 1/1
   624 | D:2      | Reached skill level 1 in Dodging
   755 | D:2      | Reached skill level 4 in Shields
   772 | D:2      | Reached XP level 3. HP: 32/33 MP: 2/2
   927 | D:2      | Noticed Terence
   942 | D:2      | Killed Terence
  1161 | D:3      | Found a runed translucent door.
  1167 | D:3      | Noticed voshxz's ghost (amateur GrFi)
  1285 | D:3      | Reached XP level 4. HP: 40/40 MP: 3/3
  1422 | D:3      | Found a glowing drain.
  1449 | Sewer    | Entered a sewer
  1526 | Sewer    | Reached XP level 5. HP: 44/47 MP: 4/4
  1789 | Sewer    | Reached XP level 6. HP: 46/55 MP: 5/5
  1789 | Sewer    | Reached skill level 5 in Fighting
  1789 | Sewer    | Reached skill level 5 in Armour
  1903 | D:3      | Reached skill level 5 in Shields
  2363 | D:3      | Killed voshxz's ghost
  2470 | D:4      | Found an iron altar of Okawaru.
  2470 | D:4      | Found a radiant altar of Vehumet.
  2517 | D:4      | Reached XP level 7. HP: 55/61 MP: 6/6
  2541 | D:4      | Reached skill level 1 in Evocations
  2787 | D:4      | Reached skill level 5 in Maces & Flails
  2903 | D:4      | Found Ruycai's Antique Weapon Emporium.
  3105 | D:4      | Found a hazy altar of Hepliaklqana.
  3157 | D:4      | Found a blossoming altar of Fedhas.
  3157 | D:4      | Found a bloodstained altar of Trog.
  3174 | D:4      | Became a worshipper of Trog the Wrathful
  3456 | D:5      | Entered Level 5 of the Dungeon
  3658 | D:5      | Found a sacrificial altar of Ru.
  3829 | D:5      | Reached skill level 6 in Shields
  3829 | D:5      | Reached XP level 8. HP: 62/70 MP: 8/8
  4066 | D:5      | Found Kumam's Gadget Emporium.
  4440 | D:6      | Reached skill level 1 in Throwing
  4485 | D:6      | Found a staircase to the Ecumenical Temple.
  4494 | Temple   | Entered the Ecumenical Temple
  4680 | D:6      | Reached * piety under Trog
  4933 | D:6      | Reached skill level 5 in Dodging
  4937 | D:6      | Found Ybyt's General Store.
  4952 | D:6      | Found Keoskem's Food Emporium.
  5001 | D:6      | Reached XP level 9. HP: 68/78 MP: 10/10
  5026 | D:6      | Gained mutation: Your natural rate of healing is unusually
                  | fast. [potion of mutation]
  5026 | D:6      | Gained mutation: You expend magic power (3 MP) to
                  | strengthen your wands. [potion of mutation]
  5026 | D:6      | Gained mutation: Your flesh is cold resistant. (rC+)
                  | [potion of mutation]
  5204 | D:6      | Found Daroj's Food Shop.
  5720 | D:7      | Reached skill level 7 in Shields
  5815 | D:8      | You fall through a shaft for 3 floors!
  5844 | D:11     | Noticed Snorg
  5863 | D:11     | Killed Snorg
  5947 | D:11     | Found a staircase to the Lair.
  5990 | D:11     | Reached XP level 10. HP: 75/88 MP: 12/12
  6000 | D:11     | Reached skill level 8 in Shields
  6048 | D:11     | Noticed a red ugly thing
  6071 | D:11     | Killed a red ugly thing
  6072 | D:11     | Reached ** piety under Trog
  6132 | D:11     | Killed an unseen horror
  6176 | D:11     | Found a staircase to the Orcish Mines.
  6178 | D:11     | Found Wezaluan's Weapon Shop.
  6208 | D:11     | Reached skill level 5 in Evocations
  6822 | D:10     | Entered Level 10 of the Dungeon
  6892 | D:9      | Reached skill level 9 in Shields
  6992 | D:9      | Found a sacrificial altar of Ru.
  7124 | D:9      | Reached *** piety under Trog
  7132 | D:9      | Found the +2 robe of Vines {NoPotionHeal Regen+7}
  7342 | D:9      | Reached XP level 11. HP: 96/97 MP: 13/13
  7868 | D:8      | Paralysed by fainting for 10 turns
  7900 | D:8      | Paralysed by fainting for 9 turns
  7911 | D:8      | Got a slimy copper amulet
  7931 | D:8      | Identified the amulet "Esijoh" {Inacc rF+ rC- rN++ SInv}
                  | (You found it on level 8 of the Dungeon)
  8119 | D:8      | Found Taginot's Antique Armour Boutique.
  8354 | D:8      | Noticed Grum
  8378 | D:8      | Killed Grum
  8430 | D:8      | Noticed Pikel
  8445 | D:8      | Killed Pikel
  8518 | D:10     | Noticed Nergalle
  8534 | D:9      | Noticed a spectral orc warlord
  8538 | D:9      | Killed Nergalle
  8644 | D:10     | Noticed Erolcha
  8663 | D:10     | Killed Erolcha
  8833 | D:10     | Noticed Joseph
  8843 | D:10     | Killed Joseph
  8913 | D:10     | Noticed a two-headed ogre
  8924 | D:10     | Killed a two-headed ogre
  8924 | D:10     | Reached skill level 10 in Fighting
  8924 | D:10     | Reached skill level 10 in Armour
  8924 | D:10     | Reached skill level 10 in Shields
  9545 | D:12     | Reached **** piety under Trog
  9555 | D:12     | Reached skill level 5 in Throwing
  9701 | D:12     | Reached skill level 10 in Maces & Flails
  9734 | D:12     | Received a gift from Trog
 10056 | D:12     | Reached XP level 12. HP: 50/107 MP: 14/14
 10805 | D:13     | Noticed a six-headed hydra
 10834 | D:12     | Killed a six-headed hydra
 11076 | D:13     | Noticed a centaur warrior
 11084 | D:13     | Killed a centaur warrior
 11105 | D:13     | Noticed a seven-headed hydra
 11111 | D:13     | Killed a seven-headed hydra
 11372 | D:13     | Noticed a tengu warrior
 11573 | D:13     | Killed a tengu warrior
 11573 | D:13     | Reached skill level 11 in Shields
 11707 | D:13     | Cast into level 2 of the Abyss (a wizard)
 11712 | Abyss:2  | Found a corrupted altar of Lugonu.
 11838 | D:13     | Escaped the Abyss
 11844 | D:13     | Reached ***** piety under Trog
 12075 | D:14     | Found a gate to the Vaults.
 12075 | D:14     | Noticed a centaur warrior
 12075 | D:14     | Noticed a two-headed ogre
 12311 | D:14     | Killed a two-headed ogre
 12322 | D:13     | Killed a centaur warrior
 12322 | D:13     | Reached XP level 13. HP: 46/116 MP: 15/15
 12741 | D:14     | Reached skill level 10 in Dodging
 12784 | D:14     | Found Kongaoqe's Antique Weapon Boutique.
 13354 | D:14     | Received a gift from Trog
 13510 | D:15     | Entered Level 15 of the Dungeon
 13587 | D:15     | Reached skill level 12 in Shields
 13930 | D:15     | Noticed Josephine
 13954 | D:14     | Killed Josephine
 14090 | D:15     | Received a gift from Trog
 14110 | D:15     | Noticed Agnes
 14132 | D:15     | Killed Agnes
 14431 | D:15     | Paralysed by an ogre mage for 2 turns
 14580 | D:14     | Reached XP level 14. HP: 36/127 MP: 17/17
 14836 | D:15     | Got a polished falchion
 14837 | D:15     | Identified the cursed +1 falchion of Geustru {slice, rF+
                  | MP-9 Str+2 Dex+3} (You found it on level 15 of the Dungeon)
 14877 | D:15     | Found a bloodstained altar of Trog.
 15282 | D:15     | Found a staircase to the Depths.
 15423 | Lair:1   | Entered Level 1 of the Lair of Beasts
 15904 | Lair:1   | Noticed Gastronok
 15923 | Lair:1   | Killed Gastronok
 16596 | Lair:2   | Reached skill level 13 in Shields
 17135 | Lair:3   | Received a gift from Trog
 17491 | Lair:3   | Found a staircase to the Swamp.
 18135 | Lair:4   | Reached ****** piety under Trog
 18254 | Lair:4   | Received a gift from Trog
 18259 | Lair:4   | Got a dazzling morningstar {god gift}
 18372 | Lair:4   | Identified the +4 morningstar "Humpur" {freeze, +Rage rElec
                  | rN+ Str+2} (Trog gifted it to you on level 4 of the Lair of
                  | Beasts)
 18891 | Lair:4   | Found a hole to the Spider Nest.
 19266 | Lair:5   | You are sucked into a shaft!
 19266 | Lair:6   | Entered Level 6 of the Lair of Beasts
 19338 | Lair:6   | Noticed Kirke
 19350 | Lair:6   | Reached XP level 15. HP: 122/136 MP: 19/19
 19357 | Lair:6   | Killed Kirke
 19761 | Lair:6   | Received a gift from Trog
 20072 | Lair:6   | Reached skill level 14 in Shields
 20326 | Lair:6   | Noticed Rupert
 20345 | Lair:6   | Killed Rupert
 20668 | Lair:6   | Found a runed translucent door.
 20794 | Lair:6   | Received a gift from Trog
 20811 | Lair:6   | Got an iridescent flail {god gift}
 20812 | Lair:6   | Identified the +10 flail of Generosity {drain, Str+3 Dex+2}
                  | (Trog gifted it to you on level 6 of the Lair of Beasts)
 21024 | Swamp:1  | Entered Level 1 of the Swamp
 21228 | Swamp:1  | HP: 6/139 [spriggan rider/+0 spear (17)]
 21602 | Swamp:1  | Reached XP level 16. HP: 132/147 MP: 21/21
 21883 | Swamp:1  | Reached skill level 15 in Shields
 21883 | Swamp:1  | Reached XP level 17. HP: 152/154 MP: 22/22
 22888 | Swamp:3  | Received a gift from Trog
 23313 | Swamp:3  | Paralysed by a hornet for 2 turns
 23411 | Swamp:3  | Received a gift from Trog
 23541 | Swamp:4  | Entered Level 4 of the Swamp
 24007 | Swamp:4  | Reached skill level 15 in Armour
 24118 | Swamp:3  | Reached skill level 15 in Fighting
 24118 | Swamp:3  | Reached skill level 10 in Throwing
 24118 | Swamp:3  | Reached skill level 16 in Shields
 24806 | Swamp:4  | Received a gift from Trog
 25454 | Swamp:4  | Reached skill level 15 in Maces & Flails
 25848 | Swamp:4  | Noticed Aizul
 25863 | Swamp:4  | Killed Aizul
 26347 | Swamp:4  | Reached XP level 18. HP: 158/163 MP: 23/23
 26451 | Swamp:4  | Got a decaying rune of Zot
 26740 | Orc:1    | Entered Level 1 of the Orcish Mines
 26779 | Orc:1    | Received a gift from Trog
 26946 | Orc:1    | Found Kuepnih's Gadget Shop.
 27046 | Orc:2    | Entered Level 2 of the Orcish Mines
 27062 | Orc:2    | Received a gift from Trog
 27432 | Orc:2    | Noticed Maurice
 27439 | Orc:2    | Killed Maurice
 27527 | Orc:2    | Received a gift from Trog
 27528 | Orc:2    | Found Rygrud's Food Emporium.
 27529 | Orc:2    | Found Legy's Magic Scroll Shoppe.
 27758 | Orc:2    | Bought 2 scrolls of enchant weapon for 195 gold pieces
 27887 | Orc:2    | Killed from afar by a soul eater

Skill      XL: |  1  2  3  4  5  6  7  8  9 10 11 12 13 14 15 16 17 18 |
---------------+-------------------------------------------------------+-----
Dodging        | 1 2 3 4 5 6 7 8 9 10 11 12 13 | 13.2
Fighting       | 4 5 6 8 9 10 11 12 13 14 15 | 15.6
Shields        | 4 5 6 7 9 10 11 12 13 14 15 16 | 16.6
Maces & Flails | 3 4 5 6 7 8 10 11 12 13 14 15 | 15.5
Armour         | 4 5 6 8 9 10 11 12 13 14 15 | 15.6
Evocations     | 1 3 4 5 6 8 9 |  9.0
Throwing       | 1 3 5 7 9 10 | 10.0

Action                   |  1- 3 |  4- 6 |  7- 9 | 10-12 | 13-15 | 16-18 || total
-------------------------+-------+-------+-------+-------+-------+-------++-------
Melee: Flail             |    90 |   184 |       |       |   112 |   897 ||  1283
       Headbutt          |     8 |    29 |   104 |   216 |   518 |   292 ||  1167
       Mace              |       |    12 |   355 |   731 |  1005 |       ||  2103
       Morningstar       |       |       |       |       |   477 |       ||   477
       Eveningstar       |       |       |       |       |       |    32 ||    32
Throw: Javelin           |       |       |     1 |     8 |     9 |    22 ||    40
Invok: Berserk           |       |       |     1 |     5 |     3 |       ||     9
       Trog's Hand       |       |       |       |     1 |       |       ||     1
 Abil: Stop Flying       |       |       |       |       |     2 |       ||     2
       Evoke Flight      |       |       |       |       |     2 |       ||     2
  Use: Scroll            |       |     8 |    13 |    11 |    11 |     4 ||    47
       Potion            |       |       |     1 |     3 |     3 |     2 ||     9
 Stab: Petrified         |       |       |       |       |     3 |       ||     3
  Eat: Chunk             |     1 |     5 |    13 |    20 |    33 |    33 ||   105
       Ration            |       |       |       |     3 |     1 |       ||     4
Armor: Scale mail        |    34 |    78 |       |       |       |       ||   112
       Chain mail        |       |     7 |   100 |    48 |       |       ||   155
       Plate armour      |       |       |       |   357 |   683 |   406 ||  1446
Dodge: Dodged            |    24 |    83 |    83 |   275 |   591 |   565 ||  1621
Block: Shield            |    36 |   138 |   148 |   568 |  1037 |   803 ||  2730
